 Dungeon Crawl Stone Soup version 0.21-a0-394-gdc75ea7 (webtiles) character file.

220 Kavrick the Ogre Mage (level 5, -2/45 HPs)
             Began as an Ogre Wizard on Oct 18, 2017.
             Slain by a hound (4 damage)
             ... on level 4 of the Dungeon.
             The game lasted 00:12:37 (5111 turns).

Kavrick the Ogre Mage (Ogre Wizard)                 Turns: 5111, Time: 00:12:38

Health: -2/45      AC:  3    Str: 11    XL:     5   Next: 97%
Magic:  3/12       EV: 10    Int: 20    God:
Gold:   144        SH:  0    Dex:  7    Spells: 7/13 levels left

rFire    . . .     SeeInvis .   o - +0 giant spiked club
rCold    . . .     Gourm    .   (shield currently unavailable)
rNeg     . . .     Faith    .   a - +0 robe
rPois    .         Spirit   .   b - +0 hat
rElec    .         Reflect  .   (no cloak)
rCorr    .         Harm     .   (gloves unavailable)
MR       .....                  (boots unavailable)
Stlth    +.........             (no amulet)
HPRegen  0.15/turn              (no ring)
MPRegen  0.13/turn              (no ring)

@: no status effects
A: unfitting armour, tough skin 1
a: no special abilities


You were on level 4 of the Dungeon.
You were not hungry.

You visited 1 branch of the dungeon, and saw 4 of its levels.

You collected 144 gold pieces.

Inventory:

Hand Weapons
 f - a +0 short sword
 o - a +0 giant spiked club (weapon)
Armour
 a - a +0 robe (worn)
 b - a +0 hat (worn)
Jewellery
 q - an uncursed ring of positive energy {unknown}
Scrolls
 e - a scroll of remove curse
 h - 7 scrolls of identify
 i - a scroll of noise {unknown}
 m - a scroll of enchant armour {unknown}
 n - a scroll of amnesia {unknown}
Potions
 j - a potion of flight {unknown}
 k - 2 potions of degeneration {unknown}
 l - 3 potions of curing {unknown}
 p - a potion of agility {unknown}
 r - a potion of mutation {unknown}
 s - a potion of magic {unknown}
 v - a potion of cancellation {unknown}
 w - a potion of heal wounds {unknown}
Books
 c - a book of Minor Magic

   Spells                             Type                      Level
   a - Magic Dart                     Conjuration                  1
   b - Blink                          Translocation                2
   c - Call Imp                       Summoning                    2
   d - Slow                           Hexes                        2
   e - Conjure Flame                  Conjuration/Fire             3
   f - Mephitic Cloud                 Conjuration/Poison/Air       3
Comestibles
 d - a bread ration
 g - 6 fruits
 t - a royal jelly
 u - 4 chunks of flesh


   Skills:
 - Level 1.7 Dodging
 - Level 1.4 Stealth
 + Level 4.6 Spellcasting
 * Level 3.6 Conjurations
   Level 0.8 Summonings
 + Level 1.6 Translocations
 + Level 1.2 Air Magic
 + Level 1.1 Poison Magic


You had 7 spell levels left.
You knew the following spells:

 Your Spells              Type           Power        Failure   Level  Hunger
a - Magic Dart            Conj           ###.         2%          1    None
b - Mephitic Cloud        Conj/Pois/Air  ##......     16%         3    ##.....
c - Blink                 Tloc           N/A          10%         2    #......


Dungeon Overview and Level Annotations

Branches:
Dungeon (4/15)
 Temple: D:4-7

Altars:
Hepliaklqana
Nemelex Xobeh
Sif Muna
Uskayaw
Vehumet
The Shining One

Annotations:
D:3 Ijyb


Innate Abilities, Weirdness & Mutations

You are too large for most types of armour.
You have tough skin. (AC +1)


Message History

Aiming: Magic Dart
Press: ? - help, Shift-Dir - straight line, f/p - phantom
Aim: a phantom (severely damaged)
The magic dart hits the phantom.
The phantom is severely damaged.
The phantom hits you.
* * * LOW HITPOINT WARNING * * *
The phantom blinks!
Found 9 gold pieces.
A hound comes into view.
The hound barks!
The phantom blinks!
The phantom blinks!
The hound barely misses you. The hound barely misses you.
The hound barely misses you. The hound bites you.
* * * LOW HITPOINT WARNING * * *
The hound bites you.
You die...

#.................#
#.................#
##................#
#................#
#................#
#.......W........#
###..............## #
........h.#.....##
#.#.
#######.@######## #
#...#####....### .
.................#
######........#######
.#...........##
.#.###.###...#
.#.###.###...##
.#.##...##....###
...).._.).........


You could see a phantom and a hound.

Vanquished Creatures
  An ogre (D:2)
  Terence (D:3)
  5 adders
  An ooze (D:1)
  A worm (D:4)
  2 dart slugs
  A leopard gecko (D:2)
  4 orcs (D:4)
  A ball python (D:2)
  2 giant cockroaches
  6 goblins
  3 hobgoblins
  2 quokkas
  10 bats
  2 frilled lizards
  9 kobolds
  6 rats
57 creatures vanquished.

Notes
Turn   | Place    | Note
-------+----------+-------------------------------------------
     0 | D:1      | Kavrick the Ogre Wizard began the quest for the Orb.
     0 | D:1      | Reached XP level 1. HP: 16/16 MP: 5/5
    26 | D:1      | Reached skill level 1 in Conjurations
   226 | D:1      | Reached XP level 2. HP: 24/24 MP: 3/6
   940 | D:2      | Reached skill level 4 in Spellcasting
  1028 | D:2      | Reached XP level 3. HP: 29/31 MP: 2/8
  1491 | D:2      | Reached XP level 4. HP: 25/39 MP: 1/10
  1501 | D:2      | Learned a level 3 spell: Mephitic Cloud
  1504 | D:2      | Learned a level 2 spell: Blink
  1888 | D:2      | Noticed an ogre
  2284 | D:3      | Noticed Ijyb
  2471 | D:3      | Found a hazy altar of Hepliaklqana.
  2787 | D:3      | Noticed Terence
  2849 | D:3      | Found a deep blue altar of Sif Muna.
  2850 | D:3      | Found a radiant altar of Vehumet.
  2895 | D:3      | Found a hide-covered altar of Uskayaw.
  3124 | D:2      | Killed an ogre
  3124 | D:2      | Reached skill level 1 in Translocations
  3124 | D:2      | Reached skill level 1 in Air Magic
  3124 | D:2      | Reached skill level 1 in Poison Magic
  3124 | D:2      | Reached XP level 5. HP: 45/45 MP: 1/11
  3577 | D:3      | Found a sparkling altar of Nemelex Xobeh.
  4082 | D:3      | Killed Terence
  4801 | D:4      | Found a glowing golden altar of the Shining One.
  5046 | D:4      | Noticed a phantom
  5109 | D:4      | HP: 2/45 [hound (4)]
  5111 | D:4      | Slain by a hound

Vault maps used:
D:1:      shiori_arrival_oz
D:2:      serial_curves, eino_curves_01, eino_curves_02, eino_curves_03,
          eino_curves_01
D:3:      old_standard_altar, nicolae_overflow_hidden_temple, uniq_terence,
          uniq_ijyb
D:4:      grunt_qazlal_sundering, nicolae_overflow_crystal_walls,
          kennysheep_mini_moat, temple_green, uniq_sigmund

Skill      XL: |  1  2  3  4 |
---------------+-------------+-----
Conjurations   | 1 2 3 |  3.6
Spellcasting   | 4 |  4.6
Translocations | 1 |  1.6
Air Magic      | 1 |  1.2
Poison Magic   | 1 |  1.1
Dodging        | |  1.7
Stealth        | |  1.4
Summonings     | |  0.8

Action                   |  1- 3 |  4- 6 || total
-------------------------+-------+-------++-------
Melee: Short sword       |     9 |    24 ||    33
       Unarmed           |       |     2 ||     2
       Giant spiked club |       |    70 ||    70
 Cast: Magic Dart        |    72 |   170 ||   242
       Blink             |       |    21 ||    21
  Use: Scroll            |     2 |       ||     2
  Eat: Chunk             |     2 |     7 ||     9
       Bread ration      |       |     1 ||     1
Armor: Robe              |     4 |    36 ||    40
Dodge: Dodged            |    19 |   102 ||   121

Table legend:
 A = Spawn XP
 B = Non-spawn XP
 C = Spawn XP percentage of total XP
 D = Spawn monster count
 E = Non-spawn monster count
 F = Spawn count percentage of total count
 G = Total turns spent on level
                    A         B        C        D         E        F      G
               +---------+---------+-------+---------+---------+-------+---------
         Total |       0 |     315 |   0.0 |       0 |      57 |   0.0 |  5111
               +---------+---------+-------+---------+---------+-------+---------
           D:1 |       0 |      27 |   0.0 |       0 |      16 |   0.0 |   989
           D:2 |       0 |     205 |   0.0 |       0 |      22 |   0.0 |  2283
           D:3 |       0 |      51 |   0.0 |       0 |      12 |   0.0 |  1473
           D:4 |       0 |      32 |   0.0 |       0 |       7 |   0.0 |   366
               +---------+---------+-------+---------+---------+-------+---------
